 Dungeon Crawl Stone Soup version 0.31-a0-188-g5e087ee2ca (webtiles) character file.

Game seed: 12267282039223004428

24 qw the Shooter (level 2, -1/16 HPs)
             Began as a Deep Elf Hunter on June 23, 2023.
             Succumbed to their own poison gas
             ... on level 1 of the Dungeon.
             The game lasted 00:00:18 (777 turns).

qw the Shooter (Deep Elf Hunter)                     Turns: 777, Time: 00:00:18

Health: -1/16      AC:  5    Str: 14    XL:     2   Next: 79%
Magic:  4/4        EV: 12    Int: 13    God:
Gold:   72         SH:  0    Dex: 18    Spells: 1/1 levels left

rFire   . . .        Y - +0 shortbow
rCold   . . .        (shield currently unavailable)
rNeg    . . .        c - +0 leather armour
rPois   .            (no helmet)
rElec   .            (no cloak)
rCorr   .            (no gloves)
SInv    .            f - +1 pair of boots
Will    .....        (no amulet)
Stlth   ++           j - +6 ring of strength
HPRegen 0.22/turn    (no ring)
MPRegen 0.09/turn

%: no passive effects
@: lethally poisoned (-1 -> -11)
A: no striking features
a: no special abilities


You were on level 1 of the Dungeon.
You visited 1 branch of the dungeon, and saw 1 of its levels.

You collected 72 gold pieces.


   Skills:
 - Level 1.5 Fighting
 + Level 6.5 Ranged Weapons
 - Level 2.4 Dodging
 - Level 1.2 Stealth


You had one spell level left.
You didn't know any spells.
Your spell library was empty.

Inventory:

Hand Weapons
 Y - a +0 shortbow (weapon)
Armour
 c - a +0 leather armour (worn)
 f - a +1 pair of boots (worn)
Jewellery
 j - a +6 ring of strength (left hand)
Potions
 k - a potion of haste {unknown}

Dungeon Overview and Level Annotations

Branches:
Dungeon (1/15)

Altars:


Message History

Your hobgoblin is poisoned.
You kill your hobgoblin!
Your hobgoblin's corpse dissolves into shadows!
Your bat is engulfed in poison gas.
Your bat looks even sicker.
You kill your bat!
Your bat's corpse dissolves into shadows!
Done exploring.
772 ||| READING scroll labelled BYTEOXZOEDI.
As you read the scroll labelled BYTEOXZOEDI, it crumbles to dust.
It is a scroll of enchant armour.
Really abort (and waste the scroll)?
Done exploring.
773 ||| DROPPING scroll of revelation.
You drop a scroll of revelation.
Done exploring.
774 ||| DROPPING scroll of butterflies.
You drop a scroll of butterflies.
Done exploring.
(D) Dungeon
Where to? (* - list waypoints, ? - help)
What level of the Dungeon? (default 1, ? - help) Sorry, I don't know how to get there.
Enter note:
Enter note:
Enter note:
Enter note:
Enter note:
Enter note:
Enter note:
Enter note:
Enter note: Really walk into that cloud of poison gas?
You are engulfed in poison gas.
You are lethally poisoned!
You feel very sick.
776 ||| Stepping ~*~*~tactically~*~*~ (cloud).
You feel very sick.
Things that are here:
a scroll of butterflies; a scroll of revelation
There is a lethal amount of poison in your body!
You die...

#.# #.#############
#.#############
#######.#############
........#############
######..#############
#..#############
#..#############
#...0¤¤00¤0@0### #
#.##############
######.# ############
.......# ############
#####..# ############
# ##.# ############ #
#.# ############ #
#.# ############ #
#.#


There were no monsters in sight!

Vanquished Creatures
  3 endoplasms (D:1)
  A giant cockroach (D:1)
  4 goblins (D:1)
  3 hobgoblins (D:1)
  A quokka (D:1)
  2 ball pythons (D:1)
  3 frilled lizards (D:1)
  A kobold (D:1)
  4 rats (D:1)
22 creatures vanquished.

Notes
Turn   | Place    | Note
-------+----------+-------------------------------------------
     0 | D:1      | qw the Deep Elf Hunter began the quest for the Orb.
     0 | D:1      | Reached XP level 1. HP: 12/12 MP: 3/3
     0 | D:1      | 0 ||| qw: Version: 0.3-a-9-g12657ce
     0 | D:1      | 0 ||| qw: Game counter: 4412
     0 | D:1      | 0 ||| qw: Always use a shield: true
     0 | D:1      | 0 ||| qw: God list: Okawaru
     0 | D:1      | 0 ||| qw: Allow faded altars: false
     0 | D:1      | 0 ||| qw: Do Orc after D:15 true
     0 | D:1      | 0 ||| qw: Do second Lair branch before Depths: true
     0 | D:1      | 0 ||| qw: Lair rune preference: random
     0 | D:1      | 0 ||| qw: Plans: Normal
     0 | D:1      | 0 ||| PLANNING D:1-11
   310 | D:1      | Reached XP level 2. HP: 16/16 MP: 4/4
   339 | D:1      | Reached skill level 6 in Ranged Weapons
   762 | D:1      | 762 ||| UPGRADING to +1 pair of boots.
   767 | D:1      | 767 ||| UPGRADING to +6 ring of strength.
   768 | D:1      | 768 ||| READING 2 scrolls labelled LUFELI YSANIBE.
   769 | D:1      | 769 ||| READING scroll labelled POLONL TISEEHUYDU.
   770 | D:1      | 770 ||| READING scroll labelled HUAMNA MITUE.
   771 | D:1      | 771 ||| READING scroll labelled OBUMIZX DENWAR.
   772 | D:1      | 772 ||| READING scroll labelled BYTEOXZOEDI.
   773 | D:1      | 773 ||| DROPPING scroll of revelation.
   774 | D:1      | 774 ||| DROPPING scroll of butterflies.
   776 | D:1      | 776 ||| Stepping ~*~*~tactically~*~*~ (cloud).
   776 | D:1      | HP: 1/16 [poisoned by you (poison gas)]
   777 | D:1      | Succumbed to their own poison gas

Levels and vault maps discovered:
D:1:      onia_arrival_mini_maze_b, layout_basic, interstate_on_off,
          minmay_tetromino_t2

Skill      XL: |  1  2 |
---------------+-------+-----
Ranged Weapons | 6 |  6.5
Fighting       | |  1.5
Dodging        | |  2.4
Stealth        | |  1.2

Action                     || total
---------------------------++-------
   Fire: Shortbow          ||    46
    Use: Scroll            ||     5
 Armour: Leather armour    ||     6
  Dodge: Dodged            ||     5

Table legend:
 A = Non-vault XP
 B = Vault XP
 C = Vault XP percentage of total XP
 D = Non-vault monster count
 E = Vault monster count
 F = Vault count percentage of total count
                 A         B        C        D         E       F
            +---------+---------+-------+---------+---------+-------
      Total |      31 |       4 |  11.4 |      19 |       3 |  13.6
            +---------+---------+-------+---------+---------+-------
        D:1 |      31 |       4 |  11.4 |      19 |       3 |  13.6
            +---------+---------+-------+---------+---------+-------
